Map: Newkirk Precinct TE (Void)

Players

Clifton - Winner!

  • Race: Terran Terran
  • Spawn Location: 7:00

Matthew

  • Race: Protoss Protoss
  • League: Gold
  • Spawn Location: 5:00

VOD

Have the link to the VOD?

Description

My brother does this same build every time and I can't find a way around it.

Time

  • Played on: Feb. 13, 2017, 7:35 p.m.
  • Length: 16:18
Show
View Real Time Build Order
Export as new Build Order

Clifton Terran - Winner!

Build Orders:  

Get SALT Encoding   

  12  0:00  SCV  
  13  0:13  SCV  
  14  0:19  Supply Depot  
  14  0:25  SCV  
  15  0:31  Refinery  
  15  0:40  SCV  
  16  0:47  Barracks  
  16  0:54  SCV  
  17  1:04  Engineering Bay  
  17  1:06  SCV  
  18  1:19  Supply Depot, SCV  
  19  1:32  SCV  
  20  1:34  Marine  
  21  1:44  SCV  
  22  1:48  Bunker  
  22  1:52  Marine  
  23  1:56  SCV  
  24  2:06  Refinery  
  24  2:08  SCV  
  25  2:12  Barracks Tech Lab  
  25  2:21  Command Center  
  25  2:28  Terran Infantry Weapons Level 1  
  25  2:31  SCV  
  26  2:40  Refinery  
  26  2:41  Marine  
  27  2:48  Supply Depot  
  27  2:50  SCV  
  28  2:58  Marine  
  28  3:04  Concussive Shells  
  29  3:14  Orbital Command  
  29  3:17  Marauder  
  31  3:33  Barracks  
  31  3:36  SCV  
  31  3:38  Marauder  
  31  3:40  SCV  
  35  3:51  SCV  
  35  3:54  SCV  
  37  4:00  Marauder, Stimpack  
  39  4:03  SCV  
  39  4:07  Factory  
  40  4:11  SCV  
  40  4:15  SCV  
  42  4:20  Marine  
  42  4:22  Barracks Tech Lab  
  42  4:23  SCV  
  44  4:27  SCV  
  45  4:35  SCV  
  45  4:37  Missile Turret  
  46  4:39  SCV  
  47  4:46  Marauder  
  47  4:47  Marauder, SCV  
  47  4:51  SCV  
  53  4:52  Factory Tech Lab  
  53  4:57  Starport  
  53  4:59  SCV  
  54  5:05  Planetary Fortress  
  54  5:08  Missile Turret  
  54  5:12  Supply Depot x2  
  54  5:33  SCV, Marine x2  
  54  5:34  Siege Tank, Starport  
  60  5:35  Starport Tech Lab  
  60  5:40  Supply Depot  
  60  5:41  Supply Depot  
  60  5:44  SCV  
  60  5:49  Terran Infantry Armor Level 1  
  61  5:51  Marine x2  
  61  5:57  Banshee  
  66  6:06  Siege Tank, SCV  
  66  6:09  Marauder x2  
  74  6:23  SCV  
  74  6:24  Refinery  
  75  6:29  Starport Reactor  
  75  6:30  Marine x2  
  77  6:39  Banshee  
  77  6:41  Barracks  
  80  6:48  Marine x2  
  82  7:07  Marauder x2  
  86  7:19  Supply Depot  
  86  7:20  Supply Depot  
  86  7:29  Barracks  
  86  7:33  Marine x2  
  86  7:34  Siege Tank, SCV  
  92  7:40  Command Center  
  92  7:42  Supply Depot  
  92  7:45  Supply Depot  
  92  7:46  SCV  
  93  7:51  Marine x2  
  93  7:52  Armory  
  93  7:54  SCV  
  93  7:58  SCV  
  97  8:05  Supply Depot  
  97  8:09  Marine x2  
  94  8:30  Marine x2  
  65  8:48  Marine x2  
  66  8:50  Barracks Reactor  
  66  8:51  Barracks Reactor  
  67  9:02  Terran Infantry Weapons Level 2  
  67  9:05  Banshee  
  67  9:06  Marauder x2  
  67  9:07  Viking x2  
  78  9:11  Thor  
  84  9:18  SCV  
  85  9:28  Marauder x2  
  90  9:31  Marine x3  
  90  9:32  Marine  
  90  9:37  Viking x2  
  90  9:48  Banshee  
  90  9:49  Marauder x2, Marine x4  
  101  10:07  Medivac x2, Marine  
  101  10:10  Marauder  
  101  10:11  Marauder  
  101  10:12  Command Center  
  75  10:22  Marine x3  
  75  10:25  Marine  
  75  10:31  Banshee, Marine x2  
  75  10:35  Bunker  
  80  10:40  Marine x2  
  80  10:41  Marine  
  83  10:42  Marine  
  83  10:49  Marine  
  87  10:50  Marauder  
  87  11:07  Marauder  
  87  11:10  Marine x3  
  87  11:11  Marauder, Marine  
  95  11:14  Banshee  
  95  11:18  Terran Infantry Armor Level 2  
  98  11:28  Marine x4  
  98  11:29  Marauder  
  98  11:32  Marine  
  105  11:46  Command Center  
  105  11:53  Widow Mine  
  107  11:57  Viking, Banshee  
  112  12:02  SCV  
  113  12:14  SCV  
  114  12:22  Widow Mine  
  116  12:23  Marine x2  
  116  12:24  Marine x4  
  116  12:26  SCV  
  117  12:40  Banshee  
  117  12:41  Marine x2  
  110  12:50  Widow Mine  
  99  12:53  Marine x2  
  99  12:54  Marine x2  
  101  12:59  Marine x2  
  103  13:07  Viking x2  
  103  13:11  Marine x4  
  111  13:17  Marine x2  
  111  13:18  SCV  
  114  13:22  Banshee  
  117  13:29  Marine  
  117  13:30  SCV  
  119  13:42  SCV  
  120  13:54  Marine x2  
  120  13:55  Marine x4  
  127  14:05  Raven  
  127  14:07  Planetary Fortress  
  128  14:12  Marine x3  
  128  14:16  Missile Turret  
  131  14:20  Bunker  
  131  14:22  Marine x2  
  133  14:37  Missile Turret  
  124  14:59  Missile Turret  
  118  15:22  Marine x3  
  118  15:23  Marine x3  
  118  15:25  SCV  
  121  15:38  Command Center  
  121  15:40  Marine x3  
Show
View Real Time Build Order
Export as new Build Order

Matthew Protoss 

Build Orders: 1 Gate Expand 

Get SALT Encoding   

  12  0:01  Probe (Chrono Boost)  
  13  0:14  Pylon  
  13  0:19  Probe (Chrono Boost)  
  14  0:26  Assimilator  
  14  0:37  Gateway  
  14  0:43  Probe (Chrono Boost)  
  15  0:59  Probe (Chrono Boost)  
  16  1:14  Probe (Chrono Boost)  
  17  1:29  Probe (Chrono Boost)  
  18  1:40  Nexus  
  18  1:47  Zealot  
  18  1:48  Pylon  
  20  2:00  Pylon  
  20  2:18  Zealot  
  20  2:19  Probe (Chrono Boost)  
  22  2:23  Cybernetics Core  
  22  2:28  Gateway  
  22  2:34  Probe (Chrono Boost)  
  23  2:45  Zealot  
  23  2:47  Probe (Chrono Boost)  
  23  2:49  Warp Gate  
  27  2:58  Probe (Chrono Boost)  
  27  3:00  Probe (Chrono Boost)  
  28  3:07  Assimilator  
  28  3:09  Probe (Chrono Boost)  
  28  3:12  Probe (Chrono Boost)  
  32  3:20  Zealot  
  32  3:21  Zealot  
  32  3:25  Probe (Chrono Boost)  
  35  3:32  Probe (Chrono Boost)  
  36  3:37  Forge  
  36  3:41  Probe (Chrono Boost)  
  37  3:44  Probe (Chrono Boost)  
  37  3:48  Zealot  
  40  3:52  Zealot  
  40  3:55  Probe (Chrono Boost)  
  43  4:00  Protoss Ground Armor Level 1  
  43  4:06  Probe (Chrono Boost)  
  43  4:09  Pylon  
  44  4:14  Probe (Chrono Boost)  
  45  4:26  Probe (Chrono Boost)  
  45  4:27  Zealot x2  
  50  4:45  Probe (Chrono Boost)  
  51  4:53  Twilight Council  
  51  4:54  Gateway  
  51  4:55  Probe x2 (Chrono Boost), Gateway  
  51  4:59  Pylon  
  53  5:03  Assimilator  
  53  5:06  Probe (Chrono Boost)  
  54  5:19  Probe (Chrono Boost), Pylon  
  54  5:20  Probe (Chrono Boost)  
  56  5:26  Assimilator  
  56  5:30  Charge  
  56  5:33  Zealot x2  
  60  5:40  Probe (Chrono Boost)  
  60  5:41  Probe (Chrono Boost)  
  62  5:51  Robotics Facility  
  62  5:59  Probe (Chrono Boost)  
  62  6:02  Zealot x2  
  62  6:03  Zealot  
  69  6:09  Pylon  
  69  6:10  Probe (Chrono Boost)  
  70  6:14  Pylon  
  70  6:26  Templar Archives  
  70  6:28  Probe x2 (Chrono Boost)  
  70  6:32  Zealot x2  
  74  6:34  Zealot x2  
  74  6:39  Observer  
  81  6:41  Pylon  
  81  6:45  Probe (Chrono Boost)  
  81  6:46  Probe (Chrono Boost)  
  83  6:52  Pylon  
  83  7:01  Zealot x4  
  83  7:03  Probe x2 (Chrono Boost)  
  91  7:13  Probe (Chrono Boost)  
  91  7:16  Probe (Chrono Boost)  
  91  7:18  Observer  
  91  7:22  High Templar x2  
  94  7:23  High Templar x2  
  94  7:24  Probe (Chrono Boost)  
  101  7:34  Probe (Chrono Boost)  
  102  7:46  Nexus  
  102  7:50  Pylon  
  102  7:55  Pylon  
  102  8:07  Pylon x2  
  102  8:08  Probe (Chrono Boost), Pylon, Observer  
  102  8:09  Pylon x2  
  104  8:13  Archon x2  
  104  8:15  High Templar x4  
  104  8:19  Probe (Chrono Boost)  
  113  8:21  Archon x2  
  98  8:40  Probe (Chrono Boost)  
  99  8:50  Probe (Chrono Boost)  
  100  8:57  High Templar x3, Gateway  
  100  8:58  High Templar  
  100  8:59  Pylon, Gateway  
  100  9:00  Photon Cannon  
  108  9:02  Pylon  
  108  9:04  Probe (Chrono Boost)  
  108  9:05  Assimilator, Probe (Chrono Boost)  
  108  9:08  Probe (Chrono Boost)  
  108  9:09  Assimilator  
  111  9:14  Probe (Chrono Boost)  
  111  9:15  Probe (Chrono Boost), Archon x2  
  113  9:19  Mothership Core (Chrono Boost)  
  115  9:25  Probe (Chrono Boost)  
  116  9:36  Probe (Chrono Boost), High Templar x2  
  116  9:37  High Templar x2  
  124  9:50  Archon x2  
  124  9:59  Probe (Chrono Boost)  
  126  10:00  Probe (Chrono Boost)  
  126  10:09  Probe (Chrono Boost)  
  126  10:10  Probe (Chrono Boost)  
  118  10:20  Probe (Chrono Boost)  
  118  10:21  Probe (Chrono Boost)  
  100  10:29  Zealot x2  
  100  10:30  Zealot x2  
  100  10:31  Probe (Chrono Boost), High Templar  
  111  10:38  Pylon  
  111  10:41  Pylon x2, Gateway  
  111  10:42  Gateway  
  111  10:44  Pylon  
  111  10:49  Observer  
  112  10:55  Robotics Facility  
  112  11:00  High Templar  
  112  11:02  Zealot x2  
  118  11:04  High Templar x2  
  118  11:05  Zealot  
  118  11:10  Observer  
  125  11:23  Zealot x2  
  129  11:31  Immortal  
  129  11:49  Zealot x2  
  129  11:50  Zealot x4  
  129  11:53  Probe (Chrono Boost)  
  129  11:54  Probe (Chrono Boost)  
  143  11:58  Immortal  
  147  12:03  Probe (Chrono Boost)  
  147  12:04  Probe (Chrono Boost)  
  149  12:11  Immortal, High Templar  
  149  12:12  High Templar x2  
  149  12:13  Zealot  
  149  12:14  Probe (Chrono Boost), High Templar  
  149  12:15  Probe (Chrono Boost)  
  165  12:16  Nexus, High Templar  
  165  12:18  Assimilator  
  167  12:22  Archon  
  167  12:23  Assimilator  
  167  12:27  Pylon  
  167  12:30  Pylon  
  167  12:34  Pylon  
  167  12:36  Pylon  
  167  12:40  Archon  
  167  12:41  Archon  
  167  12:43  Archon  
  147  12:49  High Templar  
  147  12:50  High Templar x4  
  109  13:04  High Templar  
  107  13:09  Gateway  
  107  13:10  Gateway  
  107  13:14  Probe x3 (Chrono Boost), Gateway  
  107  13:16  Gateway  
  107  13:18  Gateway  
  110  13:28  Probe (Chrono Boost)  
  110  13:31  High Templar x2  
  115  13:36  Zealot x4  
  115  13:39  Probe (Chrono Boost)  
  124  13:44  Archon  
  124  13:50  Probe (Chrono Boost)  
  124  13:53  Photon Cannon  
  124  13:54  Photon Cannon  
  125  13:57  Psionic Storm, Zealot, Photon Cannon  
  125  13:59  Zealot, High Templar  
  125  14:00  High Templar  
  132  14:18  Archon x2  
  132  14:19  Archon  
  132  14:22  Zealot x5  
  132  14:23  Zealot x4  
  150  14:32  Probe (Chrono Boost)  
  151  14:39  Immortal  
  151  14:43  Probe (Chrono Boost)  
  134  14:54  Pylon  
  134  14:58  High Templar x3  
  134  14:59  High Templar x5, Photon Cannon  
  141  15:01  Photon Cannon  
  141  15:02  Stalker x2  
  141  15:03  Zealot  
  143  15:07  Archon  
  143  15:08  Archon x2  
  143  15:09  Archon  
  141  15:18  Immortal, Photon Cannon  
  141  15:19  Photon Cannon  
  142  15:22  Photon Cannon  
  128  15:30  Zealot, High Templar  
  128  15:31  Zealot x6  
  128  15:32  Zealot x3  
  106  16:03  High Templar  
  106  16:04  Zealot x3, High Templar x3  
  77  16:05  Zealot  
  77  16:08  High Templar  
Tags
 
Add a new tag
Caveats
  • Supply blocks, unpowered buildings, or Contaminate may cause inaccurate times.
  • Supply counts are checked every 10 seconds.